 Dungeon Sprint DCSS version 0.21-a0-400-g417d9d2 (webtiles) character file.

264 Amnesiac the Geomancer (level 5, 26/35 HPs)
             Began as a Demonspawn Earth Elementalist on Oct 20, 2017.
             Quit the game in the Dungeon (Sprint I: "Red Sonja").
             The game lasted 00:01:32 (147 turns).

Amnesiac the Geomancer (DsEE)                        Turns: 147, Time: 00:01:33

Health: 26/35      AC:  4    Str:  8    XL:     5   Next: 98%
Magic:  8/14       EV: 12    Int: 18    God:
Gold:   54         SH:  0    Dex: 13    Spells: 10/17 levels left

rFire    . . .     SeeInvis .   (no weapon)
rCold    . . .     Gourm    .   (no shield)
rNeg     . . .     Faith    .   c - +0 robe
rPois    .         Spirit   .   (no helmet)
rElec    .         Reflect  .   (no cloak)
rCorr    .         Harm     .   (no gloves)
MR       .....     NoTele   +   (no boots)
Stlth    ++........             (no amulet)
HPRegen  0.11/turn              (no ring)
MPRegen  0.14/turn              (no ring)

@: no status effects
A: claws 1, slimy green scales 1
a: no special abilities


You were in the Dungeon.
You were not hungry.

You visited 1 branch You collected 54 gold pieces.

Inventory:

Missiles
 b - 20 stones (quivered)
Armour
 c - a +0 robe (worn)
Wands
 a - a wand of polymorph (5/24)
Scrolls
 j - a scroll of blinking {!r}
Potions
 e - a potion of curing {!q}
 f - a potion of heal wounds {!q}
 g - a potion of haste {!q}
 h - 2 potions of magic {!q}
Books
 k - a book of Geomancy

   Spells                             Type                      Level
   a - Sandblast                      Earth                        1
   b - Passwall                       Transmutation/Earth          2
   c - Stone Arrow                    Conjuration/Earth            3
   d - Petrify                        Transmutation/Earth          4
   e - Lee's Rapid Deconstruction     Earth                        5
Comestibles
 d - a bread ration


   Skills:
 - Level 1.7 Dodging
 - Level 1.7 Stealth
 + Level 6.8 Spellcasting
 - Level 0.8 Transmutations
 * Level 9.7 Earth Magic


You had 10 spell levels left.
You knew the following spells:

 Your Spells              Type           Power        Failure   Level  Hunger
a - Sandblast             Erth           #####.       1%          1    None
b - Passwall              Tmut/Erth      ####......   1%          2    None
e - Petrify               Tmut/Erth      ####....     12%         4    ####...


Dungeon Overview and Level Annotations

Branches:
Dungeon (1/1)

Altars:


Innate Abilities, Weirdness & Mutations

You have sharp fingernails.
You are partially covered in slimy green scales. (AC +2)


Message History

You finish memorising.
Spell assigned to 'b'.
This spell is slightly dangerous to cast.
Memorise Petrify, consuming 4 spell levels and leaving 6?
You start memorising the spell.
You continue memorising. x4
You finish memorising.
Spell assigned to 'e'.
Things that are here:
a giant club; an ogre corpse
There is an open door here.
b - 24 stones (gained 1)
You start resting.
Magic restored.
You start resting.
Magic restored.
As you open the door, it creaks loudly!
Found 54 gold pieces.
There is an open door here.
You now have 27 gold pieces.
You now have 54 gold pieces (gained 27).
There is an open door here.
You open the door.
Sigmund the Dreaded comes into view.
He is wielding a scythe.
Casting: Sandblast
Confirm with . or Enter, or press ? or * to list all spells.
Aiming: Sandblast
Press: ? - help, Shift-Dir - straight line, f - Sigmund
Aim: Sigmund, wielding a scythe and wearing a robe (resting)
The blast of sand hits Sigmund.
Sigmund is heavily wounded.
Sigmund shouts!
b - 23 stones Unknown command.
Casting: Sandblast
Confirm with . or Enter, or press ? or * to list all spells.
Aiming: Sandblast
Press: ? - help, Shift-Dir - straight line, f/p - Sigmund
Aim: Sigmund, wielding a scythe and wearing a robe (heavily wounded)
The blast of sand hits Sigmund.
Sigmund is severely wounded.
b - 22 stones Sigmund barely misses you.
Casting: Sandblast
Confirm with . or Enter, or press ? or * to list all spells.
Aiming: Sandblast
Press: ? - help, Shift-Dir - straight line, f/p - Sigmund
Aim: Sigmund, wielding a scythe and wearing a robe (severely wounded)
The blast of sand hits Sigmund.
Sigmund is almost dead.
b - 21 stones Sigmund hits you from afar with a scythe!
Unknown command.
Casting: Sandblast
Confirm with . or Enter, or press ? or * to list all spells.
Aiming: Sandblast
Press: ? - help, Shift-Dir - straight line, f/p - Sigmund
Aim: Sigmund, wielding a scythe and wearing a robe (almost dead)
The blast of sand hits Sigmund.
You kill Sigmund!
Your Spellcasting skill increases to level 6!
Your Earth Magic skill gained 2 levels and is now at level 9!
You have reached level 5!
Your demonic ancestry asserts itself...
Your fingernails lengthen.
b - 20 stones Are you sure you want to abandon this character and quit the game? (Confirm with "yes".)

#############
#<.#.)'..#..+
#[.'..#..').#
#..#####@#
#..# #..#
#..# ####
#..# #⌠⌠#
####


There were no monsters in sight!

Vanquished Creatures
  Sigmund (D)
  An ogre (D)
  Ijyb (D)
3 creatures vanquished.

Notes
Turn   | Place    | Note
-------+----------+-------------------------------------------
     0 | D        | Amnesiac the Demonspawn Earth Elementalist began the quest for the Orb.
     0 | D        | Reached XP level 1. HP: 13/13 MP: 3/3
     1 | D        | Noticed Ijyb
    24 | D        | Killed Ijyb
    24 | D        | Reached skill level 5 in Earth Magic
    24 | D        | Gained mutation: You are partially covered in slimy green scales. (AC +2) [demonic ancestry]
    24 | D        | Reached XP level 2. HP: 19/19 MP: 2/6
    54 | D        | Noticed an ogre
    62 | D        | Killed an ogre
    62 | D        | Reached skill level 5 in Spellcasting
    62 | D        | Reached skill level 7 in Earth Magic
    62 | D        | Reached XP level 3. HP: 24/24 MP: 2/9
    62 | D        | Reached XP level 4. HP: 30/30 MP: 2/11
    66 | D        | Learned a level 2 spell: Passwall
    71 | D        | Learned a level 4 spell: Petrify
   142 | D        | Noticed Sigmund
   146 | D        | Killed Sigmund
   146 | D        | Reached skill level 9 in Earth Magic
   146 | D        | Gained mutation: You have sharp fingernails. [demonic ancestry]
   146 | D        | Reached XP level 5. HP: 26/35 MP: 8/14
   147 | D        | Quit the game

Vault maps used:
D:        dungeon_sprint_1

Skill      XL: |  1  2  3  4 |
---------------+-------------+-----
Spellcasting   | 3 5 6 |  6.8
Earth Magic    | 5 7 9 |  9.7
Dodging        | |  1.7
Stealth        | |  1.7
Transmutations | |  0.8

Action                   |  1- 3 |  4- 6 || total
-------------------------+-------+-------++-------
Melee: Unarmed           |    16 |       ||    16
Throw: Stone             |     1 |       ||     1
 Cast: Sandblast         |     5 |     5 ||    10
  Use: Potion            |     1 |       ||     1
Dodge: Dodged            |    10 |     1 ||    11

Table legend:
 A = Spawn XP
 B = Non-spawn XP
 C = Spawn XP percentage of total XP
 D = Spawn monster count
 E = Non-spawn monster count
 F = Spawn count percentage of total count
 G = Total turns spent on level
                    A         B        C        D         E        F      G
               +---------+---------+-------+---------+---------+-------+---------
         Total |       0 |     378 |   0.0 |       0 |       3 |   0.0 |   147
               +---------+---------+-------+---------+---------+-------+---------
             D |       0 |     378 |   0.0 |       0 |       3 |   0.0 |   147
               +---------+---------+-------+---------+---------+-------+---------
